 Dungeon Crawl Stone Soup version 0.31-a0-851-g7ff8af7976 (webtiles) character file.

Game seed: 5979604263103187595

861 Dirtsage the Cleaver (level 7, -1/78 HPs)
             Began as a Demonspawn Berserker on Oct 5, 2023.
             Was a Priest of Trog.
             Slain by an orc warrior
             ... wielding a +0 glaive
              (17 damage)
             ... on level 6 of the Dungeon.
             The game lasted 00:07:00 (4152 turns).

Dirtsage the Cleaver (Demonspawn Berserker)         Turns: 4152, Time: 00:07:01

Health: -1/78      AC:  6    Str: 25    XL:     7   Next: 71%
Magic:  7/7        EV: 11    Int:  9    God:    Trog [***...]
Gold:   358        SH:  4    Dex: 12    Spells: 6/6 levels left

rFire   . . .        y - +0 war axe
rCold   . . .        (no shield)
rNeg    . . .        f - +0 ring mail
rPois   .            (helmet restricted)
rElec   .            r - +0 cloak
rCorr   .            (no gloves)
SInv    +            (no boots)
Will    .....        (no amulet) Stlth
                     e - +6 ring of strength
HPRegen 0.33/turn    S - ring of see invisible
MPRegen 0.10/turn

%: no passive effects
@: berserking (expiring), very quick
A: antennae 1, large bone plates 1, foul stench 1, spiny 1
a: Renounce Religion, Berserk, Trog's Hand


You were on level 6 of the Dungeon.
You worshipped Trog.
Trog was most pleased with you.
You visited 1 branch of the dungeon, and saw 6 of its levels.

You collected 358 gold pieces.

Inventory:

Hand Weapons
 q - a +2 hammer of protection
 y - a +0 war axe (weapon)
Armour
 b - a +0 animal skin
 f - a +0 ring mail (worn)
 r - a +0 cloak (worn)
Jewellery
 e - a +6 ring of strength (left hand)
 S - a ring of see invisible (right hand)
Wands
 k - a wand of charming (10)
 z - a wand of light (5)
 D - a wand of digging (6)
Scrolls
 d - 7 scrolls of identify {unknown}
 g - 2 scrolls of vulnerability {unknown}
 h - 3 scrolls of fear {unknown}
 i - 3 scrolls of blinking {unknown}
 j - 3 scrolls of immolation {unknown}
 n - 3 scrolls of teleportation {unknown}
 o - 2 scrolls of summoning {unknown}
 t - a scroll of enchant weapon {unknown}
 u - 2 scrolls of torment {unknown}
 w - 2 scrolls of poison {unknown}
Potions
 a - a potion of brilliance {unknown}
 c - 5 potions of curing {unknown}
 l - a potion of lignification {unknown}
 m - a potion of magic {unknown}
 p - a potion of mutation {unknown}
 s - 2 potions of invisibility {unknown}
 v - 2 potions of might {unknown}
 x - a potion of heal wounds {unknown}


   Skills:
 - Level 3.0 Fighting
 + Level 8.5 Axes
 - Level 1.7 Armour
 - Level 1.7 Dodging


You had 6 spell levels left.
You didn't know any spells.
Your spell library was empty.

Dungeon Overview and Level Annotations

Branches:
Dungeon (6/15)
 Temple: D:4-7

Altars:
Ashenzari


Innate Abilities, Weirdness & Mutations

You have a pair of small antennae on your head.
You are partially covered in large bone plates. (SH +4)
You may rarely emit foul miasma when damaged in melee.
You are partially covered in sharp spines.


Message History

The orc warrior hits you from afar with a +0 glaive!
You take 11 damage, and have 34/52 hp.
MASSIVE DAMAGE!!
You are too injured to fight recklessly!
You are too injured to fight recklessly!
You are too injured to fight recklessly!
A red film seems to cover your vision as you go berserk!
You feel yourself moving faster!
You feel mighty! The orc hits you with a +3 hand axe.
The orc warrior hits you from afar with a +0 glaive!
The orc hits you with a +0 dagger.
You now have 27/78 hp.
You slash the orc!
You kill the orc!
Trog accepts your kill.
You slash the orc!
You kill the orc!
Trog accepts your kill. The orc is struck by your spines.
The orc hits you with a +0 hand axe of electrocution.
The orc warrior hits you with a +0 glaive!
* * * LOW HITPOINT WARNING * * *
Things that are here:
a +0 dagger; a +0 leather armour; a +0 dagger You take 12 damage, and have 15/78 hp.
You slice the orc warrior!!
The orc warrior is almost dead.
You barely miss the orc. The orc closely misses you.
The orc warrior misses you.
You barely miss the orc warrior.
The orc warrior is almost dead.
You hit the orc.
You kill the orc!
Trog accepts your kill. The orc warrior misses you.
You barely miss the orc warrior.
The orc warrior is almost dead.
You closely miss the orc warrior.
The orc warrior is almost dead.
The orc warrior hits you with a +0 glaive!
You die...

####. ##.###. .... #.
#..# #.###. ## #..#
#..... ...### #..#
###.##
......######..#######.##
##.................##.##
...>...)####..####......
#..o@.$............##
#..)######.##########
#### #... . ##### #


You could see an orc warrior.

Vanquished Creatures
  Menkaure (D:4)
  2 ogres
  A phantom (D:4)
  2 scorpions (D:5)
  A hound (D:4)
  2 jellies
  Crazy Yiuf (D:2)
  An iguana (D:5)
  A sleepcap (D:5)
  A gnoll (D:1)
  12 adders
  4 dart slugs
  11 orcs
  8 endoplasms
  4 giant cockroaches
  3 goblins
  7 hobgoblins
  3 jackals (D:1)
  A quokka (D:4)
  10 ball pythons
  2 bats (D:2)
  A frilled lizard (D:1)
  9 kobolds
  4 rats
92 creatures vanquished.

Notes
Turn   | Place    | Note
-------+----------+-------------------------------------------
     0 | D:1      | Dirtsage the Demonspawn Berserker began the quest for the
                  | Orb.
     0 | D:1      | Reached XP level 1. HP: 18/18 MP: 1/1
   112 | D:1      | Reached skill level 3 in Axes
   245 | D:1      | Gained mutation: You may rarely emit foul miasma when
                  | damaged in melee. [demonic ancestry]
   245 | D:1      | Reached XP level 2. HP: 23/24 MP: 2/2
   457 | D:1      | Gained mutation: You have a pair of small antennae on your
                  | head. [demonic ancestry]
   457 | D:1      | Reached XP level 3. HP: 29/29 MP: 3/3
   700 | D:2      | Reached ** piety under Trog
   701 | D:2      | Reached skill level 4 in Axes
   803 | D:2      | Found a faded altar of an unknown god.
  1138 | D:2      | Found a runed translucent door.
  1139 | D:2      | Noticed Crazy Yiuf
  1148 | D:2      | Killed Crazy Yiuf
  1149 | D:2      | Reached XP level 4. HP: 35/35 MP: 4/4
  2043 | D:3      | Reached skill level 5 in Axes
  2153 | D:3      | Reached XP level 5. HP: 31/41 MP: 5/5
  2637 | D:4      | Found a broken altar of Ashenzari.
  2805 | D:4      | Noticed Menkaure
  2810 | D:4      | Killed Menkaure
  2811 | D:4      | Reached skill level 6 in Axes
  2811 | D:4      | Gained mutation: You are partially covered in sharp spines.
                  | [demonic ancestry]
  2811 | D:4      | Reached XP level 6. HP: 47/47 MP: 6/6
  3034 | D:4      | Reached skill level 7 in Axes
  3119 | D:4      | Gained mutation: You are partially covered in large bone
                  | plates. (SH +4) [demonic ancestry]
  3119 | D:4      | Reached XP level 7. HP: 50/52 MP: 7/7
  3392 | D:5      | Entered Level 5 of the Dungeon
  3734 | D:5      | Reached skill level 8 in Axes
  3798 | D:5      | Reached *** piety under Trog
  4152 | D:6      | Slain by an orc warrior

Illustrated notes

Levels and vault maps discovered:
D:1:      minmay_arrival_three_doors, layout_basic, minmay_hexomino_p4
D:2:      layout_loops_cross, hellmonk_ecumenical_altar_inner_sanctum,
          basic_altar, minmay_misc_feat_encased, kennysheep_generic_room_9,
          uniq_crazy_yiuf_cottage
D:3:      cheibrodos_old_hovel, layout_rooms, minmay_snake_closets
D:4:      layout_loops_corners, general_overflow_altar, uniq_menkaure
D:5:      layout_loops_cross, minmay_misc_feat_square
D:6:      layout_loops_ring, kiku_gazebo_garden_becter,
          minmay_temple_entry_ruins

Skill      XL: |  1  2  3  4  5  6  7 |
---------------+----------------------+-----
Axes           | 3 4 5 6 7 8 |  8.5
Fighting       | |  3.0
Armour         | |  1.7
Dodging        | |  1.7

Action                     |  1- 3 |  4- 6 |  7- 9 || total
---------------------------+-------+-------+-------++-------
  Melee: Hand axe          |    94 |    94 |       ||   188
         Punch             |     1 |       |       ||     1
         Mace              |     1 |       |       ||     1
         War axe           |       |    26 |    37 ||    63
 Invoke: Berserk           |     2 |     2 |     1 ||     5
   Stab: Sleeping          |     1 |       |       ||     1
 Armour: Animal skin       |    14 |       |       ||    14
         Ring mail         |    28 |    86 |    20 ||   134
  Dodge: Dodged            |    73 |    56 |    18 ||   147
  Block: Other             |       |       |     2 ||     2

Table legend: (Time is in decaauts)
 A = Elapsed time spent in this place.
 B = Non-inter-level travel time spent in this place.
 C = Inter-level travel time spent in this place.
 D = Time resting spent in this place.
 E = Time spent auto-exploring this place.
 F = Levels seen in this place.
 G = Mean time per level.
                   A        B        C        D        E       F      G
               +--------+--------+--------+--------+--------+-----+--------+
         Total |   4209 |   4095 |    114 |    107 |   3401 |   6 |  701.5 |
       Dungeon |   4209 |   4095 |    114 |    107 |   3401 |   6 |  701.5 |
               +--------+--------+--------+--------+--------+-----+--------+

Top non-repeatable levels by time:
     D:4: 1042 daAuts
     D:2: 867 daAuts
     D:3: 837 daAuts
     D:1: 701 daAuts
     D:5: 693 daAuts
     D:6: 67 daAuts
